 Dungeon Crawl Stone Soup version 0.25-a0-523-g9afb2ee040 (webtiles) character file.

Game seed: 3750771922540214505, levelgen mode: deterministic

14 Flugslaktarn the Shield-Bearer (level 2, -2/27 HPs)
             Began as a Deep Dwarf Fighter on Feb 18, 2020.
             Slain by Terence
             ... wielding a +0 trident
              (9 damage)
             ... on level 2 of the Dungeon.
             The game lasted 00:00:10 (135 turns).

Flugslaktarn the Shield-Bearer (Deep Dwarf Fighter)  Turns: 135, Time: 00:00:11

Health: -2/27      AC:  6    Str: 19    XL:     2   Next: 27%
Magic:  2/2        EV:  7    Int:  8    God:
Gold:   0          SH:  9    Dex: 12    Spells: 1/1 levels left

rFire    . . .     SeeInvis .   a - +0 war axe
rCold    . . .     Gourm    .   c - +0 kite shield
rNeg     . . .     Faith    .   b - +0 scale mail
rPois    .         Spirit   .   (no helmet)
rElec    .         Reflect  .   (no cloak)
rCorr    .         Harm     .   (no gloves)
MR       .....                  (no boots)
Stlth    ..........             (no amulet)
HPRegen  0.00/turn              (no ring)
MPRegen  0.08/turn              (no ring)

@: non-regenerating
A: damage resistance, heal wounds, sense surroundings 1, no regeneration
a: Heal Wounds


You were on level 2 of the Dungeon.
You were not hungry.

You visited 1 branch of the dungeon, and saw 2 of its levels.

Inventory:

Hand Weapons
 a - a +0 war axe (weapon)
Armour
 b - a +0 scale mail (worn)
 c - a +0 kite shield (worn)
Scrolls
 g - a scroll of fog {unknown}
 h - a scroll of immolation {unknown}
Potions
 d - a potion of might
Comestibles
 e - a ration
 f - 7 chunks of flesh


   Skills:
 + Level 2.8 Fighting
 * Level 2.6 Axes
 + Level 3.4 Armour
 + Level 3.4 Shields


You had one spell level left.
You didn't know any spells.
Your spell library was empty.

Dungeon Overview and Level Annotations

Branches:
Dungeon (2/15)

Altars:

Annotations:
D:2 Terence


Innate Abilities, Weirdness & Mutations

You are resistant to damage.
You can heal yourself by infusing magical energy.
You passively map a small area around you.
You do not regenerate.


Message History

Terence barely misses you.
The goblin shoots a stone.
You block the stone. Terence hits you but does no damage.
The goblin shoots a stone.
The stone completely misses you.
The stone barely misses Terence.
You closely miss Terence. Terence closely misses you.
The goblin shoots a stone.
You block the stone. Terence hits you with a +0 trident.
You barely miss Terence.
The goblin shoots a stone.
You block the stone. Terence hits you with a +0 trident.
* * * LOW HITPOINT WARNING * * *
You slash Terence!
Terence is severely wounded.
The goblin shoots a stone.
The stone hits you but does no damage. Terence closely misses you.
The goblin shoots a stone.
The stone closely misses you.
The stone hits Terence but does no damage.
You closely miss Terence.
Terence is severely wounded.
Terence hits you with a +0 trident!
You die...

* #.#
#.###.....#
. ,#.# #.#
#..[..# , ,
, ,#.# #.#
#######, ,
, , * #.#
#.# , , *
..# #(# , *
, ..# #.# *
* , ..#
#.#* , * ,*
...# #@#*,,
, #@# , #(#
, , , #(# ,
*
#####g####
* ,
#........#
,
+........#,
* * *
#........#
, ,
+........+
,
#........#*


You could see Terence and a goblin.

Vanquished Creatures
  2 leopard geckos
  A goblin (D:2)
  4 hobgoblins
  2 bats (D:2)
  A kobold (D:1)
  A rat (D:1)
11 creatures vanquished.

Notes
Turn   | Place    | Note
-------+----------+-------------------------------------------
     0 | D:1      | Flugslaktarn the Deep Dwarf Fighter began the quest for the
                  | Orb.
     0 | D:1      | Reached XP level 1. HP: 20/20 MP: 1/1
    90 | D:2      | Noticed Terence
    95 | D:2      | Reached XP level 2. HP: 21/27 MP: 2/2
   135 | D:2      | Slain by Terence

Levels and vault maps discovered:
D:1:      ncdulo_wetmaze, layout_rooms, roderic_malta_cross, minmay_fountain_box
D:2:      layout_basic, gammafunk_temple_overflow_statue,
          amethyst_overflow_temple_binary, uniq_terence

Action                   || total
-------------------------++-------
Melee: War axe           ||    35
       Unarmed           ||     9
Armor: Scale mail        ||    28
       Skin              ||     3
Dodge: Dodged            ||    36
Block: Kite shield       ||    22

Table legend:
 A = Non-vault XP
 B = Vault XP
 C = Vault XP percentage of total XP
 D = Non-vault monster count
 E = Vault monster count
 F = Vault count percentage of total count
                 A         B        C        D         E       F
            +---------+---------+-------+---------+---------+-------
      Total |      20 |       0 |   0.0 |      11 |       0 |   0.0
            +---------+---------+-------+---------+---------+-------
        D:1 |      11 |       0 |   0.0 |       6 |       0 |   0.0
        D:2 |       9 |       0 |   0.0 |       5 |       0 |   0.0
            +---------+---------+-------+---------+---------+-------
